 Dungeon Crawl Stone Soup version 0.26.1-11-gd32895ea62 (webtiles) character file.

Game seed: 8189376981730256526

299388 Kukuleta the Impregnable (level 20, -1/191 HPs)
             Began as a Hill Orc Monk on June 26, 2021.
             Was the Champion of Beogh.
             Slain by a slime creature (10 damage)
             ... on level 1 of the Pits of Slime on June 29, 2021.
             The game lasted 04:05:36 (54533 turns).

Kukuleta the Impregnable (Hill Orc Monk)           Turns: 54533, Time: 04:05:36

Health: -1/191     AC: 46    Str: 27    XL:     20   Next: 99%
Magic:  22/28      EV:  9    Int: 11    God:    Beogh [******]
Gold:   2962       SH:  0    Dex: 13    Spells: 26/27 levels left

rFire    x . .     SeeInvis +   V - +7 battleaxe (freeze)
rCold    + + .     Faith    .   (shield currently unavailable)
rNeg     + . .     Spirit   .   I - +9 crystal plate armour of Vlad {rN+ SInv}
rPois    +         Reflect  .   (helmet restricted)
rElec    .         Harm     .   w - +2 cloak
rCorr    .         Rampage  .   K - +1 pair of gloves
Will     +....     Rnd*Rage +   e - +1 pair of boots
Stlth    ..........             d - amulet of Seedghauk {RegenMP rF- rC++ Str+5}
HPRegen  0.41/turn              f - +4 ring of slaying
MPRegen  0.46/turn              q - ring of poison resistance

@: confused, mighty, corroded, studying Translocations
A: walk on water, antennae 1, molten scales 1, berserk 1, MP-powered wands
}: 2/15 runes: decaying, serpentine
a: Renounce Religion, Smiting, Recall Orcish Followers, Give Item to Named
Follower, Resurrection


You were on level 1 of the Pits of Slime.
You worshipped Beogh.
Beogh was exalted by your worship.
You visited 7 branches of the dungeon, and saw 35 of its levels.
You visited the Abyss 1 time.
You also visited: Volcano.

You collected 3032 gold pieces.
You spent 70 gold pieces at shops.

Inventory:

Hand Weapons
 D - a +4 vorpal battleaxe
 O - a +3 great mace of draining
 V - a +7 battleaxe of freezing (weapon)
Armour
 e - a +1 pair of boots (worn)
 w - a +2 cloak (worn)
 I - the +9 crystal plate armour of Vlad (worn) {rN+ SInv}
   (You found it on level 8 of the Dungeon)

   It protects you from negative energy.
   It lets you see invisible.
 K - a +1 pair of gloves (worn)
Jewellery
 d - the amulet of Seedghauk (around neck) {RegenMP rF- rC++ Str+5}
   (You acquired it on level 3 of the Swamp)

   [amulet of magic regeneration]

   It increases your magic regeneration.
   It affects your strength (+5).
   It makes you vulnerable to fire.
   It greatly protects you from cold.
 f - a +4 ring of slaying (left hand)
 i - an uncursed ring of ice
 k - an uncursed ring of fire
 q - a ring of poison resistance (right hand)
 M - an uncursed ring of positive energy
 P - a +4 ring of protection
 S - an uncursed ring of magical power
 W - an uncursed amulet of guardian spirit
Wands
 x - a wand of acid (23)
 y - a wand of paralysis (33)
 E - a wand of disintegration (13)
 G - a wand of iceblast (76)
 J - a wand of digging (5)
 N - a wand of polymorph (14)
 X - a wand of flame (39)
Scrolls
 b - 14 scrolls of identify
 j - 3 scrolls of magic mapping
 l - 3 scrolls of enchant armour
 n - 2 scrolls of fear
 o - 13 scrolls of remove curse
 p - a scroll of enchant weapon
 s - 9 scrolls of teleportation
 t - 4 scrolls of amnesia
 z - 2 scrolls of vulnerability
 C - 4 scrolls of summoning
 L - 3 scrolls of holy word
 Q - a scroll of blinking
 Y - 7 scrolls of fog
Potions
 c - 2 potions of resistance
 g - 4 potions of magic
 h - 4 potions of might
 u - a potion of haste
 v - 4 potions of brilliance
 A - 16 potions of curing
 F - 4 potions of flight
Books
 B - a manual of Translocations
Miscellaneous
 a - a condenser vane
 r - a phantom mirror


   Skills:
 * Level 19.2 Fighting
 - Level 20.0 Axes
 + Level 24.5 Armour
 - Level 2.4 Dodging
 - Level 2.4 Stealth
 - Level 4.1 Spellcasting
 + Level 7.5 Conjurations
 + Level 8.3 Fire Magic
 - Level 11.9 Invocations


You had 26 spell levels left.
You knew the following spells:

 Your Spells              Type           Power        Failure   Level
a - Foxfire               Conj/Fire      76%          7%          1

Your spell library contained the following spells:

 Spells                   Type           Power        Failure   Level
 Magic Dart               Conj           72%          9%          1
 Conjure Flame            Conj/Fire      19%          21%         3
 Shock                    Conj/Air       40%          36%         1
 Dazzling Flash           Conj/Hex       20%          75%         3
 Static Discharge         Conj/Air       10%          75%         3
 Stone Arrow              Conj/Erth      20%          75%         3
 Beastly Appendage        Tmut           4%           88%         1
 Corona                   Hex            2%           88%         1
 Freeze                   Ice            8%           88%         1
 Sandblast                Erth           4%           88%         1
 Summon Small Mammal      Summ           8%           88%         1
 Mephitic Cloud           Conj/Pois/Air  7%           89%         3
 Blink                    Tloc           N/A          95%         2
 Call Imp                 Summ           2%           95%         2
 Corpse Rot               Necr/Air       N/A          95%         2
 Ensorcelled Hibernation  Hex/Ice        4%           95%         2
 Slow                     Hex            2%           95%         2
 Sublimation of Blood     Necr           1%           95%         2
 Swiftness                Air            2%           95%         2
 Wereblood                Tmut           2%           95%         2
 Hailstorm                Conj/Ice       10%          98%         4
 Iskenderun's Mystic Bla  Conj/Tloc      10%          98%         4
 Call Canine Familiar     Summ           2%           99%         3
 Confusing Touch          Hex            2%           99%         3
 Spider Form              Tmut/Pois      1%           99%         3
 Summon Guardian Golem    Hex/Summ       2%           99%         3
 Tukima's Dance           Hex            2%           99%         3
 Bolt of Magma            Conj/Fire/Erth 6%           99%         5
 Airstrike                Air            1%           100%        4
 Dispel Undead            Necr           2%           100%        4
 Ice Form                 Ice/Tmut       2%           100%        4
 Summon Ice Beast         Ice/Summ       2%           100%        4
 Summon Lightning Spire   Summ/Air       2%           100%        4
 Agony                    Necr           2%           100%        5
 Blade Hands              Tmut           1%           100%        5
 Excruciating Wounds      Necr           1%           100%        5
 Lightning Bolt           Conj/Air       5%           100%        5
 Conjure Ball Lightning   Conj/Air       5%           100%        6
 Tornado                  Air            1%           100%        9


Dungeon Overview and Level Annotations

Branches:
Dungeon (15/15)            Temple (0/1) D:4            Lair (6/6) D:8
  Swamp (4/4) Lair:3        Snake (4/4) Lair:2        Slime (1/5) Lair:6
    Orc (2/2) D:11            Elf (0/3) Orc:2        Vaults (0/5) D:13
 Depths (3/5) D:15        Volcano (visited)

Altars:
Cheibriados
Dithmenos
Elyvilon
Fedhas
Gozag
Okawaru
Qazlal
Ru
Sif Muna
Trog
Yredelemnul
Zin
The Shining One
Jiyva

Shops:
D:9 !   Orc:2 [*?!   Snake:2 [   Snake:4 }}=   Depths:3 *

Portals:
Hell: Depths:1 Depths:2 Depths:3

Annotations:
D:5 2 transporters
D:12 Sonja
Depths:3 2 transporters, Luicil's ghost, journeyman MiFi


Innate Abilities, Weirdness & Mutations

You can walk on water.
You have a pair of small antennae on your head.
You are partially covered in molten scales. (AC +2)
You tend to lose your temper in combat.
You expend magic power (3 MP) to strengthen your wands.


Message History

* * * LOW HITPOINT WARNING * * *
The golden eye blinks at you.
You are more confused.
The slime creature hits you but does no damage.
The golden eye blinks at you.
You are more confused.
Welcome back, Kukuleta the Hill Orc Monk.
Beogh says: Drown the unbelievers in a sea of blood!
Press ? for a list of commands and other information.
You feel very mighty all of a sudden. The golden eye blinks at you.
You are more confused.
The slime creature hits you but does no damage.
The acid blob spits acid at you.
The splash of acid hits you but does no damage.
You are splashed with acid!
* * * LOW HITPOINT WARNING * * *
The very large slime creature hits you but does no damage.
The slime creature hits you!
You die...

..#.... .....
............##
...>.........##
..............#
..............##
...............#
.......#..#...#
.>....GJJG...#
......GJ@...##
.......JG...#
..#.....G...#
....G.#.##...#
.....#### #.##
..... ## ...#.
..# .#


You could see an acid blob, a very large slime creature, 2 slime creatures, an
eye of devastation, an eye of draining and 4 golden eyes.

Vanquished Creatures
  A juggernaut (Depths:2)
  Sojobo (Depths:1)
  Saint Roka (Snake:2)
  A bone dragon (Depths:1)
  A lich (Abyss:2)
  2 acid blobs (Slime:1)
  A tentacled starspawn (Abyss:2)
  2 sphinxes (Depths:2)
  Gastronok (Lair:2)
  2 tengu reavers
  A thorn hunter (Swamp:4)
  6 nagarajas (Snake:4)
  3 fire giants
  Aizul (Swamp:4)
  3 frost giants
  5 stone giants
  A caustic shrike zombie (Depths:2)
  10 very ugly things
  A vampire knight (Depths:2)
  A deep elf demonologist (Abyss:3)
  Azrael (D:12)
  2 bunyips (Swamp:2)
  A spark wasp (Depths:2)
  A fire dragon (Depths:3)
  A merfolk impaler (Depths:2)
  12 ettins
  An eleionoma (Swamp:4)
  2 yaktaur captains
  A shambling mangrove (Swamp:4)
  3 vault guards (D:13)
  A rakshasa (Depths:1)
  16 naga warriors
  Fannar (Lair:2)
  4 ice dragons
  25 hydras
  A ghost crab (Swamp:2)
  A boulder beetle (Lair:6)
  An alligator snapping turtle (shapeshifter) (Depths:2)
  11 alligators
  14 two-headed ogres
  4 centaur warriors
  6 anacondas
  Erica (D:11)
  6 ogre magi
  A queen ant (D:11)
  A catoblepas (Depths:3)
  3 deep troll earth magi
  4 deep troll shamans
  11 death yaks
  3 spriggan berserkers
  A vampire mage (Depths:2)
  5 thrashing horrors
  An orc high priest (Orc:2)
  4 tengu warriors
  5 shock serpents
  15 naga sharpshooters
  11 spriggans
  A hell knight (Volcano)
  An iron troll (D:15)
  5 skeletal warriors (D:15)
  A salamander mystic (Snake:3)
  An unseen horror (D:13)
  3 goliath frogs
  7 deep trolls
  A shadow wraith (Abyss:3)
  A golden dragon zombie (Depths:1)
  A spriggan druid (Swamp:3)
  3 glowing orange brains
  16 swamp dragons
  4 bog bodies
  2 wizards
  An orc knight (Orc:2)
  5 naga ritualists
  Pikel (D:6)
  3 mana vipers
  8 large abominations
  A deep elf mage (D:13)
  A manticore (Lair:5)
  A necromancer (Depths:2)
  26 ugly things
  A will-o-the-wisp (Swamp:3)
  3 cyclopes
  A wolf spider (D:14)
  A stone giant zombie (Depths:2)
  7 salamanders
  2 centaur zombies
  Maurice (D:12)
  3 smoke demons
  5 guardian serpents
  A guardian serpent (shapeshifter) (D:13)
  20 naga magi
  7 torpor snails
  2 elephants (Lair:5)
  22 cane toads
  2 gargoyles
  31 black mambas
  2 rime drakes
  6 yaktaurs
  5 komodo dragons
  7 kobold demonologists
  A red devil (Volcano)
  2 tengu conjurers
  A polar bear (shapeshifter) (Depths:1)
  2 ancient zymes
  A bloated husk (Swamp:2)
  A polar bear (Lair:4)
  Prince Ribbit (D:9)
  6 trolls
  3 meliai
  A hornet (shapeshifter) (D:12)
  11 tyrant leeches
  13 blink frogs
  2 slime creatures
  4 raiju (Abyss:3)
  11 hornets
  A raiju (shapeshifter) (Depths:2)
  3 dream sheep (Lair:6)
  A deep troll zombie (Depths:1)
  A frost giant simulacrum (Depths:1)
  4 shadows
  A vampire (D:13)
  2 water elementals (Depths:2)
  44 yaks
  An elf zombie (Depths:2)
  2 wraiths
  A basilisk (shapeshifter) (D:14)
  A fire bat (Abyss:2)
  2 basilisks
  4 fire elementals (D:12)
  6 wyverns
  3 chaos spawn (Abyss:3)
  The ghost of grovkorv the Charlatan, an amateur GnAr of Okawaru (D:4)
  12 vampire mosquitoes
  31 nagas
  3 wargs (Orc:2)
  3 soldier ants (D:11)
  17 swamp worms
  An acid dragon (D:13)
  6 hell hounds
  15 water moccasins
  4 orc warriors
  4 black bears
  11 swamp drakes (Swamp:4)
  An ettin simulacrum (Abyss:3)
  A black bear (shapeshifter) (D:15)
  4 ice beasts
  13 ogres
  A phantom (D:4)
  3 sky beasts
  A necrophage (D:10)
  11 small abominations
  14 wolves
  12 centaurs
  A lemure (D:6)
  4 big kobolds
  29 bullfrogs
  A human simulacrum (Depths:1)
  2 scorpions
  26 killer bees
  3 wights (D:14)
  A water moccasin skeleton (D:12)
  3 howler monkeys
  2 quasits
  2 bullfrog zombies
  9 hounds
  6 jellies
  2 bullfrog skeletons
  3 orc priests
  12 orc wizards
  5 centaur skeletons
  6 iguanas
  Ijyb (D:5)
  28 worker ants
  A hound zombie (D:9)
  A hound skeleton (D:10)
  13 adders
  A river rat (Lair:5)
  A shadow imp (D:6)
  5 white imps
  2 ufetubi
  2 oozes
  An adder zombie (D:7)
  A worm (D:2)
  4 dart slugs
  6 leopard geckos
  18 orcs
  7 bats
  5 giant cockroaches
  12 goblins
  5 hobgoblins
  11 jackals
  4 quokkas
  A ball python (D:1)
  5 frilled lizards
  A giant cockroach zombie (D:6)
  A jackal skeleton (D:4)
  23 kobolds
  8 rats
  A butterfly (Lair:5)
1042 creatures vanquished.

Vanquished Creatures (collateral kills)
  Vashnia (Snake:3)
  A lich (Depths:3)
  Agnes (Snake:4)
  2 nagarajas
  A frost giant (Depths:2)
  A very ugly thing (Depths:3)
  An eleionoma (Swamp:1)
  Harold (D:7)
  A great orb of eyes (Depths:2)
  A rakshasa (Depths:2)
  8 naga warriors
  2 boulder beetles (Lair:5)
  A catoblepas (Depths:3)
  8 anacondas
  A centaur warrior (D:13)
  3 death yaks
  2 two-headed ogres
  2 shock serpents
  7 naga sharpshooters
  3 naga ritualists
  3 orc knights (Orc:2)
  A lindwurm (Lair:4)
  A necromancer (D:15)
  A mana viper (Snake:3)
  An orb spider (shapeshifter) (D:13)
  An orc sorcerer (Orc:2)
  A slime creature (Depths:3)
  4 ugly things
  2 salamanders
  A will-o-the-wisp (Swamp:1)
  An elephant (Lair:5)
  14 naga magi
  2 centaur zombies
  A guardian serpent (Snake:3)
  17 black mambas
  6 cane toads
  A torpor snail (Lair:1)
  2 yaktaurs (Depths:3)
  3 komodo dragons
  A queen bee (Lair:5)
  A polar bear (Lair:2)
  A tyrant leech (Swamp:1)
  3 hornets
  3 meliai
  A troll (D:14)
  11 blink frogs
  5 dream sheep
  2 small abominations (Depths:1)
  2 spriggans
  A vampire (D:14)
  22 yaks
  3 wyverns
  2 basilisks
  A steam dragon (D:7)
  6 vampire mosquitoes
  6 wargs
  17 nagas
  5 water moccasins
  A hell hound (D:12)
  5 orc warriors
  2 ice beasts
  2 phantoms
  A black bear (D:8)
  A swamp drake (Swamp:4)
  3 wolves (Lair:5)
  4 ogres
  A centaur (D:8)
  A lemure (D:7)
  A big kobold (D:7)
  7 bullfrogs
  A wyvern zombie (D:13)
  A wyvern skeleton (D:6)
  A scorpion (D:9)
  11 killer bees
  12 wights
  A howler monkey (D:12)
  A bullfrog zombie (D:8)
  A quasit (D:8)
  A bullfrog skeleton (D:13)
  A jelly (D:10)
  4 orc priests
  10 orc wizards
  4 iguanas
  4 worker ants
  2 worker ant zombies (D:6)
  2 adders
  A white imp (D:7)
  8 orcs
  4 jackals (D:6)
  A quokka (D:7)
  4 kobolds (D:7)
  2 butterflies (Lair:5)
310 creatures vanquished.

Vanquished Creatures (others)
  Saint Roka (Snake:3)
  An orc warlord (Snake:2)
  A tengu reaver (Depths:1)
  Urug (Snake:4)
  A vault guard (D:13)
  An alligator (Swamp:4)
  21 orc knights
  A tengu warrior (Depths:1)
  2 orc high priests
  33 orc warriors
  6 orc sorcerers
  A sphinx skeleton (Depths:1)
  A naga mage (Snake:4)
  7 bloated husks
  A wyvern (D:12)
  A vampire mosquito (D:12)
  A swamp worm (Swamp:3)
  A bullfrog zombie (D:12)
  22 orc priests
  22 orc wizards
  62 orcs
  20 foxfires
  27 fungi
  98 plants
  2 starspawn tentacles (Abyss:2)
335 creatures vanquished.

Grand Total: 1687 creatures vanquished

Notes
Turn   | Place    | Note
-------+----------+-------------------------------------------
     0 | D:1      | Kukuleta the Hill Orc Monk began the quest for the Orb.
     0 | D:1      | Reached XP level 1. HP: 19/19 MP: 1/1
   154 | D:1      | Reached XP level 2. HP: 26/27 MP: 2/2
   707 | D:1      | Reached skill level 1 in Armour
   730 | D:1      | Reached XP level 3. HP: 27/33 MP: 3/3
  1170 | D:2      | Found an iron altar of Okawaru.
  1669 | D:2      | Reached skill level 5 in Axes
  1866 | D:2      | Reached XP level 4. HP: 40/40 MP: 4/4
  2339 | D:2      | Found a faded altar of an unknown god.
  2868 | D:3      | Reached skill level 2 in Armour
  2868 | D:3      | Reached XP level 5. HP: 47/47 MP: 5/5
  5268 | D:4      | Noticed an ogre
  5283 | D:4      | Killed an ogre
  5284 | D:4      | Reached XP level 6. HP: 14/55 MP: 6/6
  5327 | D:4      | Became a worshipper of Beogh the Brigand
  5327 | D:4      | Reached * piety under Beogh
  5327 | D:4      | Reached ** piety under Beogh
  5849 | D:4      | Reached skill level 5 in Fighting
  5849 | D:4      | Reached skill level 3 in Armour
  6186 | D:4      | Found a snail-covered altar of Cheibriados.
  6430 | D:4      | Noticed a phantom
  6481 | D:4      | Killed a phantom
  6482 | D:4      | Reached XP level 7. HP: 47/61 MP: 7/7
  6723 | D:4      | Found a staircase to the Ecumenical Temple.
  6810 | D:4      | Found a basalt altar of Yredelemnul.
  6889 | D:4      | Found a runed translucent door.
  6897 | D:4      | Noticed grovkorv's ghost (amateur GnAr)
  6917 | D:4      | Killed grovkorv's ghost
  7006 | D:5      | Entered Level 5 of the Dungeon
  7012 | D:5      | Found a transporter.
  7050 | D:5      | Found an opulent altar of Gozag.
  7210 | D:5      | Reached skill level 4 in Armour
  7392 | D:5      | Found a transporter.
  7416 | D:5      | Noticed a fire bat
  7416 | D:5      | Noticed a fire bat
  7416 | D:5      | Noticed a fire bat
  7559 | D:5      | Found a glowing silver altar of Zin.
  7559 | D:5      | Noticed an angel
  7822 | D:5      | Noticed Ijyb
  7833 | D:5      | Killed Ijyb
  7941 | D:5      | Reached *** piety under Beogh
  8083 | D:6      | Reached XP level 8. HP: 63/70 MP: 8/8
  8909 | D:6      | Found a blossoming altar of Fedhas.
  8925 | D:6      | Reached skill level 5 in Armour
  9085 | D:6      | Found a stormy altar of Qazlal.
  9097 | D:6      | Reached skill level 10 in Axes
  9143 | D:6      | Found a stormy altar of Qazlal.
  9346 | D:7      | Noticed Pikel
  9377 | D:6      | Killed Pikel
  9378 | D:6      | Reached XP level 9. HP: 55/79 MP: 9/9
  9518 | D:7      | Reached skill level 6 in Armour
  9956 | D:7      | Noticed Harold
  9980 | D:7      | Killed Harold
 10341 | D:7      | Found a shimmering blue altar of Sif Muna.
 10513 | D:7      | Found a shadowy altar of Dithmenos.
 10712 | D:7      | Reached **** piety under Beogh
 11013 | D:7      | Reached skill level 7 in Armour
 11355 | D:8      | Found a staircase to the Lair.
 11357 | D:8      | Reached XP level 10. HP: 80/90 MP: 10/10
 12340 | D:8      | Got a faintly glowing crystal plate armour
 12341 | D:8      | Identified the +9 crystal plate armour of Vlad {rN+ SInv}
                  | (You found it on level 8 of the Dungeon)
 12482 | D:8      | Reached skill level 8 in Armour
 12528 | D:8      | Reached ***** piety under Beogh
 12539 | D:8      | Noticed a two-headed ogre
 12549 | D:8      | Killed a two-headed ogre
 12739 | D:8      | Noticed a two-headed ogre
 12748 | D:8      | Killed a two-headed ogre
 12749 | D:8      | Reached skill level 10 in Fighting
 12749 | D:8      | Reached skill level 9 in Armour
 13000 | D:9      | Gained Hilgar as an ally
 13076 | D:9      | Found a glowing golden altar of the Shining One.
 13483 | D:9      | Found Gyafa's Distillery.
 13493 | D:9      | Noticed Prince Ribbit
 13498 | D:9      | Killed Prince Ribbit
 13499 | D:9      | Reached XP level 11. HP: 89/99 MP: 11/11
 13935 | D:10     | Entered Level 10 of the Dungeon
 14013 | D:11     | Noticed a queen ant
 14028 | D:11     | Killed a queen ant
 14112 | D:11     | Noticed a white ugly thing
 14133 | D:11     | Killed a white ugly thing
 14134 | D:11     | Reached skill level 10 in Armour
 14140 | D:11     | Reached skill level 15 in Axes
 14284 | D:11     | Found a staircase to the Orcish Mines.
 14450 | D:11     | Noticed Urug
 14955 | D:11     | You fall into a shaft and drop 3 floors!
 15536 | D:14     | Reached ****** piety under Beogh
 15562 | D:14     | Noticed a white ugly thing
 15562 | D:14     | Noticed a white ugly thing
 15565 | D:14     | Noticed a white ugly thing
 15569 | D:14     | Noticed a white ugly thing
 15569 | D:14     | Noticed a white ugly thing
 15577 | D:14     | Killed a white ugly thing
 15585 | D:14     | Killed a white ugly thing
 15586 | D:14     | Reached skill level 11 in Armour
 15597 | D:14     | Killed a cyan ugly thing
 15597 | D:14     | Killed a white ugly thing
 15602 | D:14     | Killed a white ugly thing
 15638 | D:13     | Noticed an unseen horror
 15645 | D:13     | Killed an unseen horror
 15646 | D:13     | Reached XP level 12. HP: 101/110 MP: 12/12
 15764 | D:13     | Noticed a centaur warrior
 15775 | D:13     | Killed a centaur warrior
 15783 | D:13     | Noticed a five-headed hydra
 15795 | D:13     | Killed a six-headed hydra
 16100 | D:14     | Reached skill level 12 in Armour
 16233 | D:13     | Noticed a centaur warrior
 16244 | D:13     | Killed a centaur warrior
 16278 | D:13     | Got a distressingly furry chain mail
 16341 | D:13     | Noticed a two-headed ogre
 16345 | D:13     | Killed a two-headed ogre
 16689 | D:12     | Noticed Maurice
 16696 | D:12     | Noticed Azrael
 16699 | D:12     | Killed Maurice
 17344 | D:11     | Noticed Erica
 17353 | D:11     | Killed Erica
 17908 | D:12     | Reached skill level 13 in Armour
 17957 | D:12     | Reached XP level 13. HP: 91/118 MP: 10/13
 18210 | D:12     | Killed Azrael
 18525 | D:12     | Noticed Sonja
 19205 | D:13     | Noticed a vault guard
 19216 | D:13     | Noticed a vault guard
 19217 | D:13     | Killed a vault guard
 19226 | D:13     | Noticed a vault guard
 19230 | D:13     | Killed a vault guard
 19238 | D:13     | Killed a vault guard
 19238 | D:13     | Noticed a vault guard
 19243 | D:13     | Killed a vault guard
 19391 | D:13     | Found a gate to the Vaults.
 19498 | Orc:1    | Entered Level 1 of the Orcish Mines
 19659 | Orc:2    | Entered Level 2 of the Orcish Mines
 19974 | Orc:2    | Found a staircase to the Elven Halls.
 20078 | Orc:2    | Reached skill level 14 in Armour
 20087 | Orc:2    | Gained Blodwig as an ally
 20322 | Orc:2    | Found Mibilyla's Magic Scroll Shop.
 20322 | Orc:2    | Found Nucah's Distillery.
 20324 | Orc:2    | Found Kojad's General Store.
 20324 | Orc:2    | Found Wasonoogoi's Antique Armour Shop.
 20340 | Orc:2    | Bought a potion of heal wounds for 70 gold pieces
 21067 | D:10     | Found a white marble altar of Elyvilon.
 21295 | Lair:1   | Entered Level 1 of the Lair of Beasts
 22261 | Lair:1   | Found a snail-covered altar of Cheibriados.
 22829 | Lair:2   | Reached XP level 14. HP: 129/129 MP: 14/14
 22844 | Lair:2   | Noticed Gastronok
 22857 | Lair:2   | Killed Gastronok
 22913 | Lair:2   | Found a staircase to the Snake Pit.
 23005 | Lair:2   | Noticed Fannar
 23015 | Lair:2   | Killed Fannar
 23538 | Lair:3   | Reached skill level 15 in Armour
 23703 | Lair:3   | Gained Marbork as an ally
 23770 | Lair:3   | Found a staircase to the Swamp.
 26065 | Lair:5   | Reached skill level 16 in Armour
 26330 | Lair:5   | Found a dark tunnel.
 26339 | Volcano  | Entered a volcano
 26981 | Lair:5   | Reached XP level 15. HP: 137/139 MP: 15/15
 27655 | Lair:6   | Entered Level 6 of the Lair of Beasts
 27763 | Lair:6   | Reached skill level 17 in Armour
 27779 | Lair:6   | Reached skill level 15 in Fighting
 27974 | Lair:6   | Found a viscous altar of Jiyva.
 27975 | Lair:6   | Found a staircase to the Slime Pits.
 28745 | Lair:6   | Got a glimmering cloak
 28746 | Lair:6   | Identified the -2 cloak "Tihaemp" {rElec rF+ rC+ Str-5}
                  | (You found it on level 6 of the Lair of Beasts)
 29102 | Snake:1  | Entered Level 1 of the Snake Pit
 29134 | Snake:1  | Got a warped ring mail
 29135 | Snake:1  | Identified the cursed +1 ring mail of Cymitidgh {rN+} (You
                  | found it on level 1 of the Snake Pit)
 29546 | Snake:1  | Reached skill level 18 in Armour
 29696 | Snake:1  | Reached skill level 1 in Invocations
 30802 | Snake:2  | Gained mutation: You are partially covered in molten
                  | scales. (AC +2) [potion of mutation]
 30802 | Snake:2  | Gained mutation: You expend magic power (3 MP) to
                  | strengthen your wands. [potion of mutation]
 30802 | Snake:2  | Gained mutation: You tend to lose your temper in combat.
                  | [potion of mutation]
 30802 | Snake:2  | Gained mutation: You have a pair of small antennae on your
                  | head. [potion of mutation]
 30835 | Snake:2  | Found Emoidd's Antique Armour Emporium.
 30848 | Snake:2  | Reached XP level 16. HP: 151/151 MP: 16/18
 30982 | Snake:2  | Your ally Marbork died
 31683 | Snake:2  | Reached skill level 5 in Invocations
 31734 | Snake:2  | Gained Hilgar as an ally
 31827 | Snake:2  | Gained Worak as an ally
 31829 | Snake:2  | Noticed Saint Roka
 31832 | Snake:2  | Your ally Worak died
 31845 | Snake:2  | Killed Saint Roka
 32283 | Snake:3  | Reached skill level 19 in Armour
 32717 | Snake:3  | Noticed Vashnia
 32741 | Snake:3  | HP: 3/152 [shock serpent/bolt of electricity (19)]
 32745 | Snake:3  | Killed Vashnia
 32750 | Snake:3  | Your ally died
 32752 | Snake:3  | Gained Garbold as an ally
 32754 | Snake:3  | Your ally Hilgar died
 32763 | Snake:3  | Your ally Garbold died
 33390 | Snake:3  | Noticed a nagaraja
 33399 | Snake:3  | Killed a nagaraja
 33906 | Snake:4  | Entered Level 4 of the Snake Pit
 33920 | Snake:4  | Gained Murdo as an ally
 33921 | Snake:4  | Your ally Blodwig died
 33931 | Snake:4  | Noticed Agnes
 34181 | Snake:4  | Killed Agnes
 34185 | Snake:4  | Your ally Murdo died
 34520 | Snake:4  | Reached XP level 17. HP: 154/160 MP: 18/23
 34982 | Snake:4  | Reached skill level 20 in Armour
 35350 | Snake:4  | Your ally Hilgar died
 35371 | Snake:4  | Your ally died
 35374 | Snake:4  | Gained Korbok as an ally
 35379 | Snake:4  | Your ally Korbok died
 35792 | Snake:4  | Found Plog's Jewellery Emporium.
 35792 | Snake:4  | Found Rylyack's Gadget Shop.
 35795 | Snake:4  | Found Ontut's Gadget Shop.
 36644 | Snake:4  | Reached skill level 10 in Invocations
 36650 | Snake:4  | Gained Morun as an ally
 36941 | Snake:4  | Your ally Morun died
 37024 | Snake:4  | HP: 8/162 [naga warrior/+0 short sword (4)]
 37030 | Snake:4  | HP: 8/162 [poisoned by a naga warrior (splash of poison)]
 37934 | Snake:4  | Got a serpentine rune of Zot
 38410 | Swamp:1  | Entered Level 1 of the Swamp
 39212 | D:15     | Entered Level 15 of the Dungeon
 40361 | D:15     | Reached skill level 21 in Armour
 40627 | D:15     | Reached XP level 18. HP: 156/171 MP: 23/26
 40645 | D:15     | Found a staircase to the Depths.
 41835 | Depths:1 | Entered Level 1 of the Depths
 41842 | Depths:1 | Found a gateway to Hell.
 42606 | Depths:1 | Gained Arbolt as an ally
 42608 | Depths:1 | Your ally Arbolt died
 42885 | Depths:1 | Gained Wardok as an ally
 42907 | Depths:1 | Identified the Compendium of the Glacier and Attacks
 42923 | Depths:1 | Learned a level 1 spell: Foxfire
 43059 | Depths:1 | Noticed Sojobo
 43063 | Depths:1 | Your ally Wardok died
 43100 | Depths:1 | Killed Sojobo
 43101 | Depths:1 | Reached skill level 1 in Conjurations
 43101 | Depths:1 | Reached skill level 1 in Fire Magic
 43104 | Depths:1 | HP: 8/173 [fire giant/bolt of fire (5)]
 44013 | Depths:2 | Cast into level 2 of the Abyss (a wizard)
 44096 | Abyss:2  | Noticed a lich
 44107 | Abyss:2  | Killed a lich
 44555 | Abyss:3  | Noticed a bone dragon
 44564 | Abyss:3  | Identified the cursed +1 broad axe of the Manifold Souls
                  | {freeze, rPois Int+3 Stlth+}
 44572 | Depths:2 | Escaped the Abyss
 44589 | Depths:1 | HP: 4/173 [fire giant/bolt of fire (6)]
 44923 | Depths:1 | Killed a bone dragon
 45340 | Depths:2 | Reached skill level 22 in Armour
 46032 | Depths:2 | Gained Wulfoc as an ally
 46221 | Depths:2 | Paralysed by a great orb of eyes for 5 turns
 46223 | Depths:2 | Reached XP level 19. HP: 158/181 MP: 22/27
 46296 | Depths:2 | Your ally Wulfoc died
 46306 | Depths:2 | Gained Argrim as an ally
 46655 | Depths:2 | Paralysed by an ogre mage for 3 turns
 46656 | Depths:2 | Your ally Argrim died
 46661 | Depths:2 | Noticed a juggernaut
 46689 | Depths:2 | Killed a juggernaut
 46690 | Depths:2 | Reached skill level 23 in Armour
 47522 | Depths:2 | Paralysed by a sphinx for 3 turns
 47528 | Depths:2 | Paralysed by a sphinx for 6 turns
 48475 | Depths:3 | Reached skill level 24 in Armour
 48488 | Depths:3 | Reached skill level 1 in Spellcasting
 48506 | Depths:3 | Found Sopojuh's Assorted Antiques.
 48629 | Depths:3 | Reached skill level 5 in Fire Magic
 48667 | Depths:3 | Gained Garbold as an ally
 48668 | Depths:3 | Reached XP level 20. HP: 32/189 MP: 13/28
 49154 | Depths:3 | Noticed a juggernaut
 49154 | Depths:3 | Identified the +4 demon whip "Beastslayer" {antimagic,
                  | Dex+4}
 49155 | Depths:3 | Noticed Luicil's ghost (journeyman MiFi)
 49158 | Depths:3 | Found a transporter.
 49159 | Depths:3 | Found a bloodstained altar of Trog.
 49160 | Depths:3 | Noticed a juggernaut
 49167 | Depths:3 | Identified the +4 morningstar "Huv Iphurph" {antimagic,
                  | rElec Dex+4}
 49174 | Depths:3 | Found a transporter.
 49265 | Depths:3 | Found a sacrificial altar of Ru.
 49294 | Depths:3 | Reached skill level 5 in Conjurations
 50421 | Swamp:2  | Gained Learuk as an ally
 50650 | Swamp:2  | Your ally Learuk died
 50964 | Swamp:2  | Identified the Papyrus of the Birds and the Rocks
 51189 | Swamp:2  | Identified a scroll of acquirement
 51829 | Swamp:3  | Gained Wardok as an ally
 51829 | Swamp:3  | Gained Morbeogh as an ally
 51862 | Swamp:3  | Acquired the amulet of Seedghauk {RegenMP rF- rC++ Str+5}
 52382 | Swamp:4  | Entered Level 4 of the Swamp
 52527 | Swamp:4  | Noticed Aizul
 52544 | Swamp:4  | Killed Aizul
 53576 | Swamp:4  | Gained Nordag as an ally
 53772 | Swamp:4  | Your ally Nordag died
 54317 | Swamp:4  | Got a decaying rune of Zot
 54513 | Slime:1  | Entered Level 1 of the Pits of Slime
 54525 | Slime:1  | HP: 3/191 [acid (11)]
 54530 | Slime:1  | HP: 8/191 [acid (2)]
 54533 | Slime:1  | Slain by a slime creature

Illustrated notes

Levels and vault maps discovered:
D:1:      amcnicky_arrival_single_pillar, layout_loops_corners
D:2:      layout_loops_corners, okawaru_metal_pillars_1_2,
          chequers_ecumenical_altar_lobes
D:3:      layout_loops_corners, kennysheep_generic_room_16
D:4:      layout_loops_corners, marbit_many_paths, minmay_temple_entry_poolview,
          gammafunk_ghost_grave, portal_sewer_entry_d, kennysheep_slug_shrine
D:5:      gammafunk_cloud_chamber, layout_rooms, grunt_gozag_breadcrumbs,
          zin_angel, st_stairs_4, kennysheep_small_spiral, uniq_ijyb
D:6:      layout_loops_ring, lemuel_crystal_altar, basic_altar,
          grunt_qazlal_sundering
D:7:      minmay_recursive_quarters, layout_layer_cave, kennysheep_little_box,
          roderic_roman_lattice, grunt_dithmenos_smoke, uniq_pikel, uniq_harold
D:8:      layout_gridville, minmay_lair_entry_grove
D:9:      layout_roguey, nicolae_tso_carved_into_rock, serial_shops, shop,
          wad_floor_pattern_untrapped, st_stairs_6, kennysheep_generic_room_3,
          uniq_prince_ribbit1
D:10:     layout_rooms, amcnicky_mini_pool_small, elyvilon_altar_5
D:11:     layout_long_grid, orc_0_dummy, minmay_another_anthill, uniq_urug,
          uniq_erica
D:12:     layout_loops_ring, uniq_sonja, uniq_maurice, uniq_azrael
D:13:     layout_basic, lightli_vaults_fourway_checkpoint,
          minmay_fractal_squares_5
D:14:     layout_stronghold, minmay_misc_feat_pillars, chequers_arboretum,
          lightli_fourway_metalbox
D:15:     hangedman_depths_entry_civil_slaughter, layout_layer_cave,
          small_statue_intersection
Lair:1:   layout_layer_cave, kennysheep_snail_temple, grunt_megastairs_2
Lair:2:   layout_chaotic_city, dummy_snake_entry, grunt_forest_stairs_basic,
          serial_bayou_shore_a, grunt_megastairs_1, uniq_gastronok, uniq_fannar
Lair:3:   layout_roguey, swamp_mist
Lair:4:   layout_loops_ring, hangedman_lair_generics_rect
Lair:5:   regret_index_combs_of_tragedy, layout_regular_city,
          nicolae_volcano_entry_lava_flow, bh_autumn_forest_stairs, st_stairs_6,
          lemuel_fruit_fields
Lair:6:   minmay_lair_end_frog_pond, layout_big_grid,
          dpeg_slime_entry_enclosed_altar
Swamp:1:  layout_falls_marsh, hangedman_swamp_ruin_hall, swamp_pool4
Swamp:2:  layout_basic_swamp, evilmike_swamp_ruin_house_6
Swamp:3:  layout_falls_marsh, evilmike_swamp_ruin_house_1
Swamp:4:  swamp_basic_johnstein, layout_basic_swamp, uniq_aizul
Snake:1:  layout_concentric_octagons, portal_ice_cave_entry_pillars_1
Snake:2:  layout_gridlike, serial_shops, nicolae_shop_overgrown_old_shop,
          nicolae_snake_round_shape_thing, grunt_megastairs_4,
          lemuel_fruit_tree, uniq_saint_roka
Snake:3:  layout_misc_corridors, uniq_vashnia
Snake:4:  snake_pit, layout_chambers, abandoned_shop, grunt_megastairs_5,
          minmay_shop_grove, uniq_agnes
Slime:1:  layout_caves
Orc:1:    layout_caves
Orc:2:    grunt_orc_tribal_feast, layout_diamond_mine, nooodl_orcs_dogs
Depths:1: layout_big_octagon, hangedman_decor_peaks_small,
          hangedman_coc_ice_floe, chequers_serial_rivers_micro_c, laboratory,
          uniq_sojobo
Depths:2: nzn_winding_woodlands_cross [nzn_winding_woodlands_5x15_longhouse,
          nzn_winding_woodlands_5x15_river_crossing,
          nzn_winding_woodlands_5x15_split_checker,
          nzn_winding_woodlands_5x15_sidewinder,
          nzn_winding_woodlands_15x15_boxy_spiral], layout_cave_pools,
          serial_glass, glass_columns_b, glass_columns_a, glass_columns_b,
          glass_columns_b, glass_columns_a, glass_columns_a, glass_columns_a,
          glass_columns_c, glass_columns_a, glass_columns_a,
          pf_hell_entry_tar_spiral, hangedman_abyss_or_decor_stabs
Depths:3: giant_chief_lemuel, layout_gridlike, pan_entry, serial_shops,
          nicolae_shop_statue_plus, lemuel_statue_altar, hell_entry,
          serial_curves, eino_curves_02, eino_curves_04,
          gammafunk_ghost_wrathful_warriors, infiniplex_staircase_pool_2,
          uniq_bai_suzhen

Skill      XL: |  1  2  3  4  5  6  7  8  9 10 11 12 13 14 15 16 17 18 19 20 |
---------------+-------------------------------------------------------------+-----
Armour         | 1 2 3 4 5 7 9 11 13 14 16 18 19 21 22 24 | 24.5
Stealth        | 2 |  2.4
Fighting       | 4 5 6 7 8 10 11 12 13 14 15 16 17 18 19 | 19.2
Axes           | 5 6 7 9 10 12 14 16 17 19 20 | 20.0
Invocations    | 3 8 11 | 11.9
Conjurations   | 3 4 7 |  7.5
Fire Magic     | 4 5 8 |  8.3
Spellcasting   | 1 4 |  4.1
Dodging        | |  2.4

Action                   |  1- 3 |  4- 6 |  7- 9 | 10-12 | 13-15 | 16-18 | 19-21 || total
-------------------------+-------+-------+-------+-------+-------+-------+-------++-------
Melee: Hand axe          |   118 |   234 |   215 |   458 |       |       |       ||  1025
       War axe           |       |       |    78 |       |       |       |       ||    78
       Battleaxe         |       |       |       |   141 |   845 |  1032 |   681 ||  2699
       Dire flail        |       |       |       |    15 |       |       |       ||    15
       Great mace        |       |       |       |       |    38 |       |    72 ||   110
 Cast: Foxfire           |       |       |       |       |       |       |     6 ||     6
Invok: Convert to Beogh  |       |     1 |       |       |       |       |       ||     1
       Smiting           |       |       |       |     2 |       |     8 |       ||    10
       Give Item to Name |       |       |       |     1 |     1 |       |       ||     2
       Recall Orcish Fol |       |       |       |     1 |       |     2 |       ||     3
       Resurrection      |       |       |       |       |       |     1 |       ||     1
  Use: Scroll            |     1 |    10 |     2 |     7 |    12 |    10 |     8 ||    50
       Potion            |       |     3 |     1 |     3 |     9 |     6 |     9 ||    31
 Stab: Sleeping          |     3 |       |       |       |       |       |       ||     3
       Distracted        |       |       |     1 |       |     8 |     2 |     2 ||    13
Armor: Robe              |     7 |       |       |       |       |       |       ||     7
       Ring mail         |     4 |    69 |    85 |       |       |       |       ||   158
       Chain mail        |       |       |    49 |    26 |       |       |       ||    75
       Crystal plate arm |       |       |       |   467 |   781 |  1154 |  1100 ||  3502
Dodge: Dodged            |    64 |   143 |   112 |    94 |   168 |   305 |   325 ||  1211
